[Event "Titled Tuesday Blitz March 21 Late 2023"]
[White "Korchmar, Vasiliy"]
[Black "Grigoriants, Sergey"]
[WhiteFideId "24131750"]
[BlackFideId "4130804"]
[WhiteElo "2370"]
[BlackElo "2502"]
[Result "0-1"]
[Round "07"]
[TimeControl "180+2"]
[Date "2023.03.21"]
[WhiteClock "0:00:01"]
[BlackClock "0:00:12"]

1. e4 c5 2. Nf3 Nc6 3. d4 cxd4 4. Nxd4 Nf6 5. Nc3 e6 6. g3 Bb4 7. Bg2 O-O 8. O-O d6 9. Nce2 Bc5 10. b3 e5 11. Nxc6 bxc6 12. c4 Bg4 13. h3 Bxe2 14. Qxe2 Bd4 15. Rb1 Nd7 16. Kh2 Nc5 17. f4 a5 18. Be3 Ne6 19. f5 Bxe3 20. Qxe3 Nd4 21. f6 Re8 22. Qg5 Ne6 23. Qg4 g6 24. h4 h5 25. Qe2 Nd4 26. Qe3 Kh7 27. Rf2 Rb8 28. Rbf1 a4 29. bxa4 Rb4 30. g4 hxg4 31. h5 Rg8 32. Qg5 Qf8 33. Kg3 Qh6 34. hxg6+ Rxg6 35. Qxh6+ Kxh6 36. Rh1+ Kg5 37. Rh7 Rxc4 38. a5 Rc3+ 0-1


[Site "https://www.chess.com"]

[Event "Titled Tuesday Blitz March 21 Late 2023"]
[White "Tregubov, Pavel V."]
[Black "Zhigalko, Sergei"]
[WhiteFideId "4115341"]
[BlackFideId "13502956"]
[WhiteElo "2425"]
[BlackElo "2626"]
[Result "1/2-1/2"]
[Round "07"]
[TimeControl "180+2"]
[Date "2023.03.21"]
[WhiteClock "0:00:05"]
[BlackClock "0:00:04"]

1. e4 c5 2. Nf3 Nc6 3. Bb5 Nf6 4. Nc3 Qc7 5. O-O Nd4 6. Bc4 e6 7. h3 a6 8. a4 Be7 9. d3 O-O 10. Nxd4 cxd4 11. Ne2 Nxe4 12. Nxd4 Nf6 13. Nf3 b6 14. Bb3 Bb7 15. d4 b5 16. c3 h6 17. Re1 Bd5 18. Bxd5 Nxd5 19. Qd3 Rab8 20. axb5 axb5 21. Bd2 Rfc8 22. Ne5 d6 23. Ng4 Bf8 24. Ne3 Nf4 25. Qf1 d5 26. g3 Ng6 27. h4 Bd6 28. Ra6 b4 29. Rea1 bxc3 30. bxc3 Bxg3 31. fxg3 Qxg3+ 32. Qg2 Qxh4 33. Qg4 Rb2 34. R6a2 Rxd2 35. Rxd2 Rxc3 36. Qxh4 Nxh4 37. Kf2 Ng6 38. Rc2 Rd3 39. Rd1 Ra3 40. Rc8+ Kh7 41. Rc7 f6 42. Rb1 Ra2+ 43. Kg3 Ra3 44. Kf2 Ra2+ 45. Nc2 Nf4 46. Rbb7 Kg6 47. Rxg7+ Kf5 48. Rgc7 Ke4 49. Rb3 Nd3+ 50. Kg3 Ra8 51. Rcc3 Rg8+ 52. Kh2 Nf4 53. Re3+ Kf5 54. Rg3 Rc8 55. Ne3+ Ke4 56. Ng2 Rc2 57. Rbe3+ Kf5 58. Ref3 e5 59. dxe5 fxe5 60. Kg1 Ke4 61. Re3+ Kf5 62. Ref3 Ke4 63. Nxf4 exf4 64. Rh3 d4 65. Ra3 Rc1+ 66. Kf2 Rc2+ 67. Ke1 Rc6 68. Kd2 Rg6 69. Rh5 Rg2+ 70. Ke1 d3 71. Rxh6 Rg1+ 72. Kf2 d2 73. Rd6 d1=Q 74. Rxd1 Rxd1 75. Ra4+ Kf5 76. Ra8 Rd2+ 77. Kf3 Rd3+ 78. Kf2 Rd5 79. Kf3 Rd3+ 80. Kf2 Rd6 81. Kf3 Ke5 82. Re8+ Re6 83. Rxe6+ Kxe6 84. Kxf4 1/2-1/2


[Site "https://www.chess.com"]

[Event "Titled Tuesday Blitz March 21 Late 2023"]
[White "Duda, Jan-Krzysztof"]
[Black "Zamorano, Jorge"]
[WhiteFideId "1170546"]
[BlackFideId "173770"]
[WhiteElo "2790"]
[BlackElo "2331"]
[Result "1-0"]
[Round "07"]
[TimeControl "180+2"]
[Date "2023.03.21"]
[WhiteClock "0:00:16"]
[BlackClock "0:00:06"]

1. e4 c5 2. b3 Nf6 3. e5 Nd5 4. Nc3 Nxc3 5. dxc3 d5 6. exd6 Qxd6 7. Qxd6 exd6 8. c4 Be7 9. Bb2 O-O 10. O-O-O Nc6 11. g3 Bg4 12. Rd2 Rfe8 13. Be2 Bf5 14. h4 a5 15. a4 Ne5 16. f3 Rad8 17. Nh3 Bxh3 18. Rxh3 Bf6 19. Rh2 Nc6 20. Bxf6 gxf6 21. Bd3 Nd4 22. Be4 b6 23. g4 Rxe4 24. fxe4 Nf3 25. Rhf2 Nxd2 26. Kxd2 Kg7 27. Ke3 Re8 28. Rd2 Re6 29. Kf4 Kf8 30. Rd1 Ke7 31. Rd5 Kf8 32. c3 Kg7 33. b4 cxb4 34. cxb4 axb4 35. Rb5 Re5 36. Rxb6 Ra5 37. Rxb4 Kf8 38. h5 Ke7 39. h6 Ke6 40. Ke3 Rg5 41. Rb1 Rxg4 42. Ra1 Kd7 43. a5 Kc7 44. a6 Kb8 45. Rb1+ Ka7 46. Rb7+ Kxa6 47. Rxf7 Kb6 48. Kd4 Kc6 49. Rxf6 Rh4 50. c5 1-0


[Site "https://www.chess.com"]

[Event "Titled Tuesday Blitz March 21 Late 2023"]
[White "Sarana, Alexey"]
[Black "Domingo Nunez, Ruben"]
[WhiteFideId "24133795"]
[BlackFideId "22245570"]
[WhiteElo "2714"]
[BlackElo "2404"]
[Result "1-0"]
[Round "07"]
[TimeControl "180+2"]
[Date "2023.03.21"]
[WhiteClock "0:01:30"]
[BlackClock "0:00:02"]

1. d4 g6 2. e4 Bg7 3. Nc3 c6 4. f4 d5 5. e5 f6 6. Nf3 Nh6 7. Bd3 O-O 8. h3 Bf5 9. O-O Bxd3 10. Qxd3 Nf5 11. Ne2 fxe5 12. fxe5 c5 13. c3 Nc6 14. g4 Nh6 15. Be3 e6 16. Nf4 Qe7 17. Rae1 cxd4 18. cxd4 Nb4 19. Qb3 Rac8 20. Re2 Nc6 21. Ref2 Na5 22. Qd3 Nc4 23. Bc1 Na5 24. Kg2 Nc6 25. Bd2 Nd8 26. a3 Nc6 27. Be3 Na5 28. Nxg6 hxg6 29. Bxh6 Bxh6 30. Qxg6+ Qg7 31. Qxe6+ Kh8 32. Nh4 Rxf2+ 33. Rxf2 Rc6 34. Qxd5 Nc4 35. Nf5 Ne3+ 36. Nxe3 Bxe3 37. Rf7 Qg5 38. Rf8+ Kh7 39. Qf7+ Qg7 40. Qf5+ Qg6 41. Qd7+ Kh6 42. Kf3 Bc1 43. Rh8+ Kg5 44. Rh5+ Qxh5 45. Qf5+ 1-0


[Site "https://www.chess.com"]

[Event "Titled Tuesday Blitz March 21 Late 2023"]
[White "Diaz Perez, Michel Alejandro"]
[Black "Deac, Bogdan-Daniel"]
[WhiteFideId "3517179"]
[BlackFideId "1226380"]
[WhiteElo "2333"]
[BlackElo "2649"]
[Result "0-1"]
[Round "07"]
[TimeControl "180+2"]
[Date "2023.03.21"]
[WhiteClock "0:00:03"]
[BlackClock "0:00:06"]

1. Nf3 b6 2. c4 Bb7 3. Nc3 e6 4. e4 Bb4 5. Bd3 Ne7 6. O-O O-O 7. a3 Bxc3 8. dxc3 d6 9. Qe2 e5 10. Nh4 a5 11. f4 exf4 12. Bxf4 Nd7 13. Rae1 f6 14. Nf5 Ng6 15. Bg3 Nge5 16. Bc2 a4 17. Nd4 Nc5 18. Nf3 Qe7 19. Nxe5 dxe5 20. Rd1 Ba6 21. Bf2 Qe6 22. Bxc5 Bxc4 23. Bd3 Bxd3 24. Rxd3 bxc5 25. Rd5 Qb6 26. Qc4 Kh8 27. Rf2 Rfd8 28. Rfd2 Rd6 29. h3 h6 30. Kh2 Kh7 31. h4 Rxd5 32. Qxd5 Rb8 33. Qf7 Qc6 34. Rd7 Rg8 35. Rd5 Qb7 36. h5 Qxb2 37. Qg6+ Kh8 38. Rxc5 Qxa3 39. Rxc7 Qc1 40. Re7 Qxc3 41. Qf7 Qc8 42. Ra7 Qg4 43. Qg6 Qh4+ 44. Kg1 Rd8 45. Rd7 Rg8 46. g3 Qh3 47. Ra7 Qc8 48. Kh1 Qc1+ 49. Kg2 Qc2+ 50. Kh3 Qc8+ 51. Qg4 Qc4 52. Qg6 Qf1+ 53. Kg4 Qe2+ 54. Kh4 Qc4 55. Kh3 Qc8+ 56. Qg4 Qd8 57. Rxa4 Qc7 58. Rb4 Qc1 59. Qf3 Qd2 60. Rb7 Qg5 61. Qg4 Qc1 62. Qg6 Qh1+ 63. Kg4 Qd1+ 64. Kh3 Qd8 65. Kh2 Qd2+ 66. Kh3 Qc2 67. Rf7 Qc8+ 68. Qg4 Qe8 69. Qg6 Qd8 70. Kh2 Qd2+ 71. Kh3 Qd1 72. Kh2 Qe2+ 73. Kh3 Qf1+ 74. Kh2 Qf2+ 75. Kh3 Qg1 76. Kg4 Qf1 77. Kh4 Qf3 78. Kh3 Qd1 79. Kh2 Qd8 80. Kh3 Qd3 81. Kh2 Qf1 82. Qg4 Qf2+ 83. Kh3 Qg1 84. Qg6 Qb1 85. Kh2 Qb8 86. Kh3 Qb3 87. Kh2 Qe3 88. Kh3 Qg5 89. Qxg5 hxg5 90. Kg4 Kh7 91. Kf5 Rd8 0-1


[Site "https://www.chess.com"]

[Event "Titled Tuesday Blitz March 21 Late 2023"]
[White "Popov, Mikhail"]
[Black "Terry, Renato"]
[WhiteFideId "4146182"]
[BlackFideId "3803457"]
[WhiteElo "2270"]
[BlackElo "2579"]
[Result "1-0"]
[Round "07"]
[TimeControl "180+2"]
[Date "2023.03.21"]
[WhiteClock "0:00:09"]
[BlackClock "0:00:02"]

1. d4 d5 2. c4 dxc4 3. Nf3 Nf6 4. Nc3 a6 5. e4 b5 6. e5 Nd5 7. a4 Bb7 8. e6 f6 9. Be2 g6 10. O-O Bg7 11. Re1 O-O 12. Ne4 Ne3 13. Nxf6+ exf6 14. Bxe3 Re8 15. b3 cxb3 16. axb5 Bd5 17. bxa6 Nc6 18. Nd2 Rb8 19. a7 Ra8 20. Nxb3 Rxe6 21. Nc5 Re7 22. Bb5 Nxa7 23. Ba4 Nc8 24. Bb3 Nb6 25. Qc2 Re8 26. h3 f5 27. Rad1 Bxb3 28. Qxb3+ Qd5 29. Qd3 Nc4 30. Bf4 Nb2 31. Rxe8+ Rxe8 32. Qb5 Rd8 33. Qxb2 Qxc5 34. Qb3+ Qd5 35. Qxd5+ Rxd5 36. Bxc7 Kf7 37. Bb6 Rb5 38. Bc5 Bf6 39. Re1 Rb2 40. g3 g5 41. Kg2 Rb3 42. Rd1 Rc3 43. Rb1 f4 44. gxf4 gxf4 45. Rb7+ Kg6 46. Rb6 Kf5 47. Rb7 h5 48. Rf7 f3+ 49. Kg3 h4+ 50. Kh2 Ke6 51. Rf8 Bg5 52. Re8+ Kf5 53. Rf8+ Ke4 54. Re8+ Kd3 55. Bd6 Rc2 56. Kg1 Rc1+ 57. Kh2 Rf1 58. Bg3 hxg3+ 59. Kxg3 Kxd4 60. Kxf3 Kd5 61. Kg4 Rg1+ 62. Kf3 Kd6 63. Rg8 Rh1 64. Rxg5 Rxh3+ 65. Kf4 Ke6 66. Rg6+ Kf7 67. Ra6 Rb3 68. f3 Rb5 69. Kg4 Rc5 70. f4 Rb5 71. Rc6 Rd5 72. Rc3 Ra5 73. Rh3 Kg6 74. Rb3 Ra6 75. Rb5 Rc6 76. Rh5 Rc1 77. Rd5 Rg1+ 78. Kf3 Kf6 79. Rd6+ Ke7 80. Rd5 Ke6 81. Rg5 Rf1+ 82. Kg4 Kf6 83. Ra5 Rg1+ 84. Kf3 Rb1 85. Ra6+ Ke7 86. Kg4 Kd7 87. Kg5 Ke7 88. Kg6 Rg1+ 89. Kf5 Rg2 90. Ra7+ Ke8 91. Kf6 Rb2 92. Ra8+ Kd7 93. f5 Rb5 94. Ra7+ Kd6 95. Kg6 Rb1 96. f6 Rg1+ 97. Kf7 Rf1 98. Ra2 Ke5 99. Re2+ Kd6 100. Kg7 Rg1+ 101. Kf8 Kd7 102. f7 Rg3 103. Re4 Rg1 104. Rd4+ Kc7 105. Ke7 Re1+ 106. Kf6 Rf1+ 107. Ke6 Re1+ 108. Kf5 Rf1+ 109. Rf4 Rd1 110. f8=Q 1-0


[Site "https://www.chess.com"]

[Event "Titled Tuesday Blitz March 21 Late 2023"]
[White "Vlassov, Nikolai"]
[Black "Dardha, Daniel"]
[WhiteFideId "4103360"]
[BlackFideId "240990"]
[WhiteElo "2324"]
[BlackElo "2581"]
[Result "0-1"]
[Round "07"]
[TimeControl "180+2"]
[Date "2023.03.21"]
[WhiteClock "0:00:10"]
[BlackClock "0:01:13"]

1. e4 d5 2. exd5 Qxd5 3. Nc3 Qa5 4. Nf3 Nc6 5. Bb5 Bd7 6. d4 O-O-O 7. Bd2 a6 8. a4 Qb6 9. Nd5 Qa7 10. c3 Nf6 11. Nxf6 exf6 12. O-O Bd6 13. Be3 Qb8 14. Bd3 Ne7 15. b4 g5 16. Nd2 c6 17. Kh1 h5 18. Nc4 Nd5 19. Nxd6+ Qxd6 20. Bd2 h4 21. b5 h3 22. g3 cxb5 23. axb5 Bxb5 24. c4 Bc6 25. cxd5 Qxd5+ 26. f3 Qxd4 27. Bf5+ Kb8 28. Ra2 Qd5 29. Bb1 Rhe8 30. Rb2 g4 31. Bf4+ Ka8 32. Qxd5 Bxd5 33. Be4 Bxe4 34. fxe4 Rxe4 35. Rbf2 Re6 36. Kg1 b5 37. Bc7 Rd7 38. Ba5 Rdd6 39. Bc3 Kb7 40. Bxf6 b4 41. Bb2 a5 42. Rxf7+ Ka6 43. R7f4 Re2 44. R4f2 Rdd2 45. Rxe2 Rxe2 46. Rf2 Rxf2 47. Kxf2 Kb5 48. Ke3 Kc4 49. Kd2 a4 50. Bf6 a3 51. Kc2 b3+ 52. Kb1 Kd3 53. Be7 a2+ 54. Kb2 Ke3 55. Bf6 Kf2 56. Kxb3 Kg2 57. Kxa2 Kxh2 0-1


[Site "https://www.chess.com"]

[Event "Titled Tuesday Blitz March 21 Late 2023"]
[White "Ibarra Jerez, Jose Carlos"]
[Black "O`Gorman, Tom"]
[WhiteFideId "2226332"]
[BlackFideId "2508249"]
[WhiteElo "2638"]
[BlackElo "2271"]
[Result "1-0"]
[Round "07"]
[TimeControl "180+2"]
[Date "2023.03.21"]
[WhiteClock "0:01:33"]
[BlackClock "0:00:58"]

1. e4 e5 2. Nf3 Nc6 3. Bb5 a6 4. Bxc6 dxc6 5. O-O f6 6. d4 exd4 7. Nxd4 c5 8. Nb3 Qxd1 9. Rxd1 Bg4 10. f3 Be6 11. Bf4 c4 12. Na5 b6 13. Nc6 Bd7 14. Nd4 O-O-O 15. Nc3 Ne7 16. Kf1 Nc6 17. Nd5 Ne5 18. Rd2 Bc5 19. Rad1 Rhe8 20. Ne3 b5 21. Ke2 Kb7 22. Ndf5 Kc8 23. Nxg7 Rg8 24. Nh5 Rg6 25. g4 Bxe3 26. Kxe3 c6 27. Nxf6 c3 28. Bxe5 cxd2 29. Rxd2 Be6 30. Rxd8+ Kxd8 31. Nxh7 Bxa2 32. Ng5 Kd7 33. h4 a5 34. f4 a4 35. h5 Rh6 36. Bg7 Rd6 37. e5 Rd1 38. f5 b4 39. e6+ Ke7 40. f6+ Kd8 41. f7 Re1+ 42. Kf2 1-0


[Site "https://www.chess.com"]

[Event "Titled Tuesday Blitz March 21 Late 2023"]
[White "Melikyan, Gnel"]
[Black "Yeletsky, Ivan"]
[WhiteFideId "54109990"]
[BlackFideId "24180327"]
[WhiteElo "2138"]
[BlackElo "2414"]
[Result "1/2-1/2"]
[Round "07"]
[TimeControl "180+2"]
[Date "2023.03.21"]
[WhiteClock "0:00:12"]
[BlackClock "0:00:07"]

1. e4 c5 2. Nf3 e6 3. d4 cxd4 4. Nxd4 Nc6 5. Nc3 a6 6. Nxc6 bxc6 7. Bd3 d5 8. O-O Nf6 9. Qe2 Be7 10. b3 O-O 11. Bb2 a5 12. Na4 Qc7 13. c4 Bb7 14. e5 Nd7 15. f4 dxc4 16. Bxc4 g6 17. g4 c5 18. f5 Qc6 19. f6 Bd8 20. Rad1 Bc7 21. Kf2 Nxe5 22. Bxe5 Qg2+ 23. Ke1 Qxe2+ 24. Kxe2 Bxe5 25. Nxc5 Bc6 26. h4 Rfd8 27. Rxd8+ Rxd8 28. Bxe6 Bd4 29. Rc1 fxe6 30. Nxe6 Bb5+ 31. Kf3 Rd6 32. Rc8+ Kf7 33. Ng5+ Kxf6 34. Ne4+ Ke7 35. Nxd6 Kxd6 36. Ke4 Bf2 37. h5 Bc6+ 38. Kf4 Bh4 39. hxg6 hxg6 40. g5 Bd5 41. Rd8+ Kc5 42. Ke5 Bg3+ 43. Kf6 Be4 44. Re8 Bf5 45. Ra8 Be1 46. a3 Bd2 47. b4+ axb4 48. axb4+ Bxb4 49. Rg8 Bc3+ 50. Kf7 Kd6 51. Rxg6+ Bxg6+ 52. Kxg6 Bd2 53. Kh5 Bxg5 1/2-1/2


[Site "https://www.chess.com"]

[Event "Titled Tuesday Blitz March 21 Late 2023"]
[White "Mustafayev, Farid"]
[Black "Gharibyan, Mamikon"]
[WhiteFideId "13408771"]
[BlackFideId "13308300"]
[WhiteElo "2269"]
[BlackElo "2445"]
[Result "0-1"]
[Round "07"]
[TimeControl "180+2"]
[Date "2023.03.21"]
[WhiteClock "0:00:17"]
[BlackClock "0:00:29"]

1. Nf3 g6 2. c4 Bg7 3. g3 Nf6 4. Bg2 O-O 5. O-O c6 6. b3 Ne4 7. d4 d5 8. Bb2 Bf5 9. Nbd2 Nd7 10. Nh4 Nxd2 11. Qxd2 Be6 12. Rac1 a5 13. e4 dxe4 14. Bxe4 a4 15. b4 a3 16. Ba1 Nb6 17. Qd3 Ra4 18. Qb3 Qd6 19. Rfd1 Qxb4 20. Bd3 Nxc4 21. Bc3 Qb5 22. Rb1 Qa6 23. Qc2 b5 24. f4 Nb2 25. Rxb2 axb2 26. Qxb2 Rxa2 27. Qb4 Bd5 28. Qxe7 Qa3 29. Qxa3 Rxa3 30. Bb4 Bxd4+ 31. Kf1 Rxd3 32. Rxd3 Bc4 33. Ke2 Ra8 0-1


[Site "https://www.chess.com"]

[Event "Titled Tuesday Blitz March 21 Late 2023"]
[White "Ashraf, Artin"]
[Black "Brodowski, Piotr"]
[WhiteFideId "22514805"]
[BlackFideId "1124480"]
[WhiteElo "2188"]
[BlackElo "2351"]
[Result "1-0"]
[Round "07"]
[TimeControl "180+2"]
[Date "2023.03.21"]
[WhiteClock "0:00:02"]
[BlackClock "0:00:04"]

1. c4 g6 2. Nf3 Bg7 3. d4 d6 4. e4 Bg4 5. Be2 Nc6 6. Be3 e5 7. d5 Bxf3 8. Bxf3 Nd4 9. Nd2 Ne7 10. Nb3 c5 11. dxc6 Nexc6 12. O-O O-O 13. g3 Rc8 14. Rc1 a5 15. Bg2 a4 16. Na1 Qb6 17. Qd2 Na5 18. Bxd4 exd4 19. b3 Rc6 20. Qd3 axb3 21. axb3 Qb4 22. e5 dxe5 23. Bxc6 bxc6 24. Rb1 Nb7 25. Nc2 Qe7 26. b4 e4 27. Qb3 d3 28. Ne3 f5 29. c5+ Kh8 30. Qa4 Nd8 31. b5 f4 32. gxf4 Rxf4 33. bxc6 Be5 34. Ng2 Rg4 35. f3 Qh4 36. fxg4 Qxh2+ 37. Kf2 Qg3+ 38. Kg1 e3 39. Rf8+ Kg7 40. Rf4 e2 41. Qe4 1-0


[Site "https://www.chess.com"]

[Event "Titled Tuesday Blitz March 21 Late 2023"]
[White "Kakabayev, Mergen"]
[Black "Van Foreest, Lucas"]
[WhiteFideId "14002990"]
[BlackFideId "1039792"]
[WhiteElo "2259"]
[BlackElo "2519"]
[Result "0-1"]
[Round "07"]
[TimeControl "180+2"]
[Date "2023.03.21"]
[WhiteClock "0:01:41"]
[BlackClock "0:02:00"]

1. e4 b5 2. Bxb5 Bb7 3. Nc3 f5 4. d3 Nf6 5. f3 fxe4 6. dxe4 e5 7. Be3 Bb4 8. Ne2 O-O 9. O-O d6 10. a3 Ba5 11. Bc4+ Kh8 12. Nd5 Nbd7 13. Nec3 Nh5 14. b4 Bb6 15. Nxb6 axb6 16. a4 Nf4 17. g3 Nh3+ 18. Kg2 Ng5 19. h4 Nf7 20. a5 bxa5 21. bxa5 Nf6 22. a6 Bc6 23. a7 Qd7 24. Nd5 Nd8 25. Qd3 Ne6 26. Nxf6 Rxf6 27. Bxe6 Qxe6 28. Rab1 h6 29. Qc3 d5 30. Bc5 dxe4 31. Rb8+ Kh7 32. fxe4 Bxe4+ 33. Kg1 Qh3 0-1


[Site "https://www.chess.com"]

[Event "Titled Tuesday Blitz March 21 Late 2023"]
[White "Taboas Rodriguez, Daniel"]
[Black "Galaktionov, Artem"]
[WhiteFideId "2208466"]
[BlackFideId "24175471"]
[WhiteElo "2365"]
[BlackElo "2340"]
[Result "1-0"]
[Round "07"]
[TimeControl "180+2"]
[Date "2023.03.21"]
[WhiteClock "0:00:07"]
[BlackClock "0:00:14"]

1. d4 c6 2. c4 g6 3. Nc3 Bg7 4. Nf3 d6 5. e4 Nd7 6. Be2 e5 7. O-O Ngf6 8. Be3 O-O 9. d5 c5 10. Ne1 Ne8 11. g4 f5 12. gxf5 gxf5 13. exf5 Nb6 14. Kh1 Bxf5 15. Rg1 Kh8 16. Bd3 Qd7 17. Rc1 Nf6 18. Rg5 e4 19. Be2 Rg8 20. Ng2 Bh6 21. Rxg8+ Nxg8 22. Qd2 Bg7 23. Rg1 Rf8 24. Nh4 Qe7 25. Bg5 Qe5 26. Bf4 Qe7 27. Nxf5 Rxf5 28. Nb5 Be5 29. Bxe5+ Qxe5 30. Bg4 Rg5 31. b3 Nf6 32. Be6 Rxg1+ 33. Kxg1 a6 34. Nc7 Kg7 35. Kg2 Kg6 36. Bh3 Qg5+ 37. Qxg5+ Kxg5 38. Ne6+ Kg6 39. Nd8 Nbd7 40. Nxb7 Ne5 41. Nxd6 Nd3 42. Bf5+ Kg5 43. Bxe4 Nc1 44. Bb1 Kf4 45. Nb7 Ke5 46. Nxc5 Ne2 47. Nxa6 Nc3 48. Bd3 Nxa2 49. Nc5 Kd4 50. Ne6+ Kxd3 51. d6 Nb4 52. Kf3 Nc6 53. Kf4 Nd7 54. Ng5 Kc3 55. Nxh7 Kxb3 56. h4 Kxc4 57. h5 Kd5 58. h6 Kxd6 59. Kf5 Nce5 60. Nf6 Nxf6 61. Kxf6 Ng4+ 62. Kg7 Nxh6 63. Kxh6 Ke5 64. Kg5 Ke6 65. f4 Kf7 66. Kf5 Kg7 67. Ke6 Kf8 68. f5 Ke8 69. f6 Kf8 70. f7 Kg7 71. Ke7 Kh7 72. f8=Q Kg6 73. Qg8+ Kh6 74. Qg4 1-0


[Site "https://www.chess.com"]

[Event "Titled Tuesday Blitz March 21 Late 2023"]
[White "Timofeev, Artyom"]
[Black "Lamard, Guillaume"]
[WhiteFideId "4140419"]
[BlackFideId "600261"]
[WhiteElo "2586"]
[BlackElo "2413"]
[Result "1-0"]
[Round "07"]
[TimeControl "180+2"]
[Date "2023.03.21"]
[WhiteClock "0:00:04"]
[BlackClock "0:00:05"]

1. e4 c6 2. Nf3 d5 3. d3 dxe4 4. dxe4 Qxd1+ 5. Kxd1 Nf6 6. Bd3 g6 7. Ke2 Bg7 8. h3 O-O 9. c3 Nbd7 10. Be3 Ne8 11. a4 a5 12. Na3 Nd6 13. Rhd1 f5 14. exf5 gxf5 15. Bc2 f4 16. Bc1 Nc5 17. Nd2 Be6 18. Nf3 Bd5 19. Bd2 e5 20. Be1 e4 21. Nd4 Rae8 22. Kf1 e3 23. f3 Nc4 24. Nxc4 Bxc4+ 25. Kg1 Kh8 26. Nf5 Rd8 27. Nxg7 Kxg7 28. b4 Nd3 29. Bh4 Rd5 30. Bxd3 Bxd3 31. bxa5 Rff5 32. Ra2 Ba6 33. Rxd5 Rxd5 34. Ra1 Kg6 35. g3 Kf5 36. Re1 Rd2 37. Be7 e2 38. gxf4 Rd1 39. Kf2 Kxf4 40. h4 Rd3 41. Bg5+ Kf5 42. Rxe2 Rxc3 43. Re7 h5 44. Kg3 Rc4 45. Rh7 Rc3 46. Rxh5 Kg6 47. Rh6+ Kf7 48. Rf6+ Kg7 49. Rf4 Kg8 50. h5 Rc5 51. Kh4 Be2 52. h6 Rc3 53. Kg3 c5 54. Rf6 c4 55. Rg6+ Kf7 56. Rg7+ Kf8 57. Be7+ Ke8 58. h7 Rxf3+ 59. Kg2 1-0


[Site "https://www.chess.com"]

[Event "Titled Tuesday Blitz March 21 Late 2023"]
[White "Kobo, Ori"]
[Black "Seemann, Jakub"]
[WhiteFideId "2812320"]
[BlackFideId "21874697"]
[WhiteElo "2447"]
[BlackElo "2364"]
[Result "1-0"]
[Round "07"]
[TimeControl "180+2"]
[Date "2023.03.21"]
[WhiteClock "0:00:41"]
[BlackClock "0:00:03"]

1. e4 c6 2. Nf3 d5 3. e5 Bf5 4. a4 e6 5. d4 Nd7 6. Be2 h6 7. O-O Ne7 8. a5 g5 9. b4 a6 10. Ne1 Bg7 11. f4 gxf4 12. Bxf4 Ng6 13. Bd3 Bxd3 14. Nxd3 Qh4 15. c3 O-O-O 16. Ra2 Rdf8 17. Raf2 h5 18. Nd2 Qe7 19. Nb3 h4 20. h3 Rhg8 21. Bh2 f5 22. exf6 Nxf6 23. Nbc5 Bh6 24. Re1 Ne4 25. Nxe4 dxe4 26. Rxe4 Rxf2 27. Nxf2 Qf7 28. Ng4 Bf4 29. Qf3 Rf8 30. Bxf4 Nxf4 31. Ne5 Qf5 32. Kh2 Kb8 33. Nd7+ 1-0


[Site "https://www.chess.com"]

[Event "Titled Tuesday Blitz March 21 Late 2023"]
[White "Raja Rithvik R"]
[Black "Medina Paz, Miguel"]
[WhiteFideId "35007394"]
[BlackFideId "7300379"]
[WhiteElo "2402"]
[BlackElo "2428"]
[Result "1-0"]
[Round "07"]
[TimeControl "180+2"]
[Date "2023.03.21"]
[WhiteClock "0:01:16"]
[BlackClock "0:01:34"]

1. b3 Nf6 2. Bb2 d5 3. e3 c6 4. f4 Bg4 5. Be2 Bxe2 6. Qxe2 Nbd7 7. g4 e6 8. g5 Ng8 9. Nf3 a5 10. a4 Ne7 11. d3 Qb6 12. Nbd2 O-O-O 13. O-O-O c5 14. h4 Nc6 15. h5 Rg8 16. g6 fxg6 17. hxg6 h6 18. Qg2 c4 19. dxc4 Qxe3 20. Rhe1 Qxf4 21. Rxe6 Nc5 22. Qh3 Kb8 23. Rxc6 bxc6 24. Be5+ Bd6 25. Bxf4 Bxf4 26. Nd4 Kb7 27. Ne6 Nxe6 28. Qxe6 dxc4 29. Qf7+ Bc7 30. Nxc4 1-0


[Site "https://www.chess.com"]

[Event "Titled Tuesday Blitz March 21 Late 2023"]
[White "Averjanov, Alexey"]
[Black "Papp, Levente"]
[WhiteFideId "14109867"]
[BlackFideId "751243"]
[WhiteElo "2802"]
[BlackElo "2380"]
[Result "0-1"]
[Round "07"]
[TimeControl "180+2"]
[Date "2023.03.21"]
[WhiteClock "0:00:13"]
[BlackClock "0:00:10"]

1. d4 e6 2. c4 Nf6 3. Nf3 d5 4. e3 a6 5. Nbd2 dxc4 6. Bxc4 b5 7. Bd3 c5 8. O-O Bb7 9. a4 c4 10. Bc2 Be7 11. axb5 axb5 12. Rxa8 Bxa8 13. Qe2 Nc6 14. Ne4 O-O 15. Bd2 Nxe4 16. Bxe4 Nb4 17. Bxa8 Qxa8 18. Bxb4 Bxb4 19. Rc1 Qe4 20. Ne1 Bxe1 21. Qxe1 f5 22. g3 h5 23. h4 g5 24. hxg5 h4 25. gxh4 Qxh4 26. f4 Qg4+ 27. Kf2 Ra8 28. Qh1 Ra2 29. Rc2 c3 30. Qc6 Rxb2 31. Qxe6+ Kh8 32. Qf6+ Kg8 33. Qd8+ Kh7 34. Qc7+ Kg8 35. Qc8+ Kh7 36. Qc7+ Kg8 37. Qxc3 Qh4+ 38. Ke2 Qg4+ 39. Kd3 Qd1+ 40. Rd2 Rxd2+ 41. Qxd2 Qb3+ 42. Qc3 Qd1+ 43. Qd2 Qb3+ 44. Ke2 b4 45. Qd3 Qa2+ 46. Kf3 Qd5+ 47. e4 fxe4+ 48. Qxe4 Qb3+ 49. Kg4 Qd1+ 50. Kf5 b3 51. g6 Qc2 52. d5 Qxe4+ 53. Kxe4 b2 54. Ke5 b1=Q 55. f5 Qb6 56. d6 Kg7 57. Ke6 Qd8 58. d7 Qf6+ 59. Kd5 Qxf5+ 60. Kc6 Qe6+ 61. Kc7 Qe7 62. Kc8 Qc5+ 63. Kb7 Qb5+ 64. Kc7 Qc5+ 65. Kb7 Qd6 66. Kc8 Qc6+ 67. Kd8 Kxg6 68. Ke7 Qc7 69. Ke8 Qe5+ 70. Kf8 Qd6+ 71. Ke8 Qe6+ 72. Kd8 Kf7 73. Kc8 Ke7 74. Kb8 Qxd7 75. Ka8 Kd6 76. Kb8 Kc6 77. Ka8 Qb7# 0-1


[Site "https://www.chess.com"]

[Event "Titled Tuesday Blitz March 21 Late 2023"]
[White "TimGrutter03"]
[Black "Holt, Conrad"]
[BlackFideId "2034387"]
[WhiteElo "2562"]
[BlackElo "2592"]
[Result "0-1"]
[Round "07"]
[TimeControl "180+2"]
[Date "2023.03.21"]
[WhiteClock "0:00:04"]
[BlackClock "0:00:52"]

1. g3 d5 2. Bg2 e5 3. d3 Nf6 4. Nf3 Bd6 5. O-O O-O 6. e4 dxe4 7. dxe4 Nxe4 8. Nxe5 Nxf2 9. Rxf2 Bxe5 10. Qxd8 Rxd8 11. c3 Rd1+ 12. Rf1 Rxf1+ 13. Kxf1 c6 14. Nd2 Be6 15. Nf3 Bf6 16. Bg5 Nd7 17. Bxf6 Nxf6 18. b3 Rd8 19. Nd4 Bd5 20. Re1 Bxg2+ 21. Kxg2 Kf8 22. Kf3 g6 23. Re2 Nd5 24. c4 Nb4 25. Rd2 Rd6 26. a3 Nc2 27. Rxc2 Rxd4 28. Ke3 Rd1 29. Kf4 Rd3 30. Rb2 f5 31. Ke5 Ke7 32. a4 Re3+ 33. Kf4 Re4+ 34. Kg5 Kf7 35. Kh6 Kf6 36. Kxh7 g5 37. Rd2 f4 38. gxf4 gxf4 39. h4 f3 40. h5 Kg5 41. Rf2 Re7+ 42. Kg8 Re3 43. Kf7 Kxh5 44. Kf6 Kg4 45. a5 Kg3 46. Rb2 f2 47. Rxf2 Kxf2 48. b4 Re4 0-1


[Site "https://www.chess.com"]

[Event "Titled Tuesday Blitz March 21 Late 2023"]
[White "Stoyanov, Tsvetan"]
[Black "Manukyan, Sargis V."]
[WhiteFideId "2917173"]
[BlackFideId "13303465"]
[WhiteElo "2349"]
[BlackElo "2236"]
[Result "0-1"]
[Round "07"]
[TimeControl "180+2"]
[Date "2023.03.21"]
[WhiteClock "0:00:03"]
[BlackClock "0:00:03"]

1. e4 e6 2. d4 d5 3. Bd3 dxe4 4. Bxe4 Nf6 5. Bf3 c5 6. Ne2 Be7 7. O-O O-O 8. Be3 Qc7 9. Nbc3 Rd8 10. Qc1 cxd4 11. Nxd4 a6 12. Nde2 Nc6 13. Ng3 b5 14. Bf4 Qb6 15. a4 Bb7 16. Be3 Bc5 17. Bxc5 Qxc5 18. Nce4 Nxe4 19. Nxe4 Qe7 20. axb5 axb5 21. Rxa8 Bxa8 22. Ng3 g6 23. Qe3 h5 24. Ra1 h4 25. Nf1 Qc7 26. Qc5 b4 27. Ne3 Bb7 28. Ng4 Rc8 29. Qg5 Nd4 30. Bxb7 Qxb7 31. Qf6 Nf5 32. h3 Rxc2 33. Qe5 Rc8 34. Nf6+ Kf8 35. Ne4 Kg8 36. Rd1 Qc7 37. Nf6+ Kf8 38. Nd7+ Kg8 39. Qe4 Kg7 40. Qd3 Rd8 0-1


[Site "https://www.chess.com"]

[Event "Titled Tuesday Blitz March 21 Late 2023"]
[White "Postny, Evgeny"]
[Black "The_Sherman_Variation"]
[WhiteFideId "2804344"]
[WhiteElo "2509"]
[BlackElo "2555"]
[Result "0-1"]
[Round "07"]
[TimeControl "180+2"]
[Date "2023.03.21"]
[WhiteClock "0:00:42"]
[BlackClock "0:01:03"]

1. e4 b6 2. d4 Bb7 3. Nc3 g6 4. Nf3 Bg7 5. Be2 d6 6. Be3 Nd7 7. h3 Ngf6 8. Nd2 O-O 9. O-O e5 10. d5 h6 11. a4 a5 12. Nb5 Nh7 13. Ra3 f5 14. f3 f4 15. Bf2 g5 16. c3 h5 17. b4 Ndf6 18. bxa5 Rxa5 19. Nc4 Ra8 20. a5 bxa5 21. Nxa5 Qc8 22. Nxb7 Qxb7 23. Rxa8 Rxa8 24. c4 g4 25. fxg4 Nxe4 26. gxh5 Nxf2 27. Rxf2 Nf6 28. Bg4 Qb6 29. Be6+ Kh8 30. Qc2 Ne4 31. c5 Ra1+ 32. Kh2 Ng3 0-1


[Site "https://www.chess.com"]